 Dungeon Crawl Stone Soup version 0.31-a0-986-g5e6e4ef867 (webtiles) character file.

Game seed: 17017194386103727041

161601 Lobster4 the Fighter (level 18, 0/139 (143) HPs)
             Began as a Human Wanderer on Nov 7, 2023.
             Was a High Priest of Sif Muna.
             Shot with an arrow by a deep elf master archer (26 damage)
             ... on level 3 of the Elven Halls.
             The game lasted 02:56:47 (53241 turns).

Lobster4 the Fighter (Human Wanderer)              Turns: 53241, Time: 02:56:48

HP:   0/139 (143)   AC: 17    Str: 12    XL:     18   Next: 42%
MP:   45/50         EV: 16    Int: 18    God:    Sif Muna [*****.]
Gold: 497           SH:  5    Dex: 19    Spells: 17/37 levels left

rFire   + . .        K - +11 Singing Sword {sonic wave}
rCold   . . .        (no shield)
rNeg    . . .        m - +3 leather armour {rPois}
rPois   +            b - +1 helmet
rElec   +            U - +1 cloak
rCorr   .            p - +1 pair of gloves {Stlth+}
SInv    .            g - +1 pair of boots
Will    ++...        d - amulet of reflection
Stlth   ++           A - ring of magical power
HPRegen 0.43/turn    C - ring "Gyxzees" {rElec rF+ Will+ MP+9 Int+3}
MPRegen 0.32/turn

%: reflection
@: studying Polearms, lightly drained
A: no striking features
a: Renounce Religion, Channel Magic, Forget Spell, Divine Exegesis


You were on level 3 of the Elven Halls.
You worshipped Sif Muna.
Sif Muna was extremely pleased with you.
You visited 4 branches of the dungeon, and saw 25 of its levels.
You also visited: Bailey and Volcano.

You collected 4576 gold pieces.
You spent 4079 gold pieces at shops.

Inventory:

Hand Weapons
 a - the +3 spear of the Iron City of Dis {freeze, rElec SInv}
   (You took it off a gnoll on level 4 of the Dungeon)

   rElec:     It insulates you from electricity.
   SInv:      It lets you see invisible.
 k - a +2 longbow of flaming
 F - the +9 lajatang of Gozy {elec, rCorr}
   (You found it on level 10 of the Dungeon)

   rCorr:     It protects you from acid and corrosion.
 I - the +5 falchion "Seggagi" {freeze, *Noise rCorr MP-9 SInv}
   (You found it on level 7 of the Dungeon)

   MP-9:      It affects your magic capacity (-9).
   SInv:      It lets you see invisible.
   *Noise:    It may make a loud noise when swung.
   rCorr:     It protects you from acid and corrosion.
 K - the +11 Singing Sword (weapon) {sonic wave}
   (You bought it in a shop on level 7 of the Dungeon)
 Q - the +12 dagger of Tumult {protect, rPois}
   (You found it on level 13 of the Dungeon)

   rPois:     It protects you from poison
Missiles
 i - 18 poisoned darts (quivered)
 w - 6 darts of dispersal
 H - 5 javelins
Armour
 b - a +1 helmet (worn)
 g - a +1 pair of boots (worn)
 m - a +3 leather armour of poison resistance (worn)
 p - a +1 pair of gloves of stealth (worn)
 v - a +4 ring mail of fire resistance
 N - the +5 scale mail of the Hall of Blades {rC+}
   (You found it in a bailey)

   rC+:       It protects you from cold.
 U - a +1 cloak (worn)
Jewellery
 d - an amulet of reflection (around neck)
 x - a ring of positive energy
 y - a ring of willpower
 A - a ring of magical power (left hand)
 C - the ring "Gyxzees" (right hand) {rElec rF+ Will+ MP+9 Int+3}
   (You bought it in a shop on level 7 of the Dungeon)

   [ring of magical power]

   Int+3:     It affects your intelligence (+3).
   rF+:       It protects you from fire.
   rElec:     It insulates you from electricity.
   Will+:     It increases your willpower.
   MP+9:      It affects your magic capacity (+9).
 T - the ring of Fuyxoguf {Wiz rC++ rCorr Int+2 Dex-4}
   (You took it off a gnoll on level 4 of the Dungeon)

   [ring of wizardry]

   Wiz:       It improves your spell success rate.
   Int+2:     It affects your intelligence (+2).
   Dex-4:     It affects your dexterity (-4).
   rC++:      It greatly protects you from cold.
   rCorr:     It protects you from acid and corrosion.
 V - a +5 ring of evasion
Wands
 t - a wand of digging (10)
 D - a wand of quicksilver (6)
 E - a wand of mindburst (10)
 O - a wand of paralysis (17)
 P - a wand of polymorph (4)
 R - a wand of iceblast (11)
Scrolls
 e - a scroll of fear
 j - 2 scrolls of immolation
 u - a scroll of silence
 z - 4 scrolls of enchant weapon
 B - 4 scrolls of teleportation
 M - a scroll of poison
 W - 2 scrolls of enchant armour
Potions
 f - a potion of heal wounds
 h - 2 potions of haste
 l - 2 potions of berserk rage
 n - 7 potions of mutation
 o - 2 potions of cancellation
 q - 2 potions of resistance
 r - 7 potions of ambrosia
 s - 6 potions of lignification
 G - 2 potions of curing
 J - 4 potions of invisibility
 L - 4 potions of brilliance
 X - 4 potions of enlightenment
 Y - 4 potions of might


   Skills:
 + Level 13.0 Fighting
 + Level 12.0 Long Blades
 - Level 8.0 Polearms
 - Level 2.0 Throwing
 + Level 9.9 Armour
 - Level 8.0 Dodging
 - Level 10.0 Spellcasting
 + Level 12.4 Conjurations
 - Level 5.0 Translocations
 - Level 1.0 Transmutations
 - Level 3.0 Air Magic
 + Level 12.9 Earth Magic
 - Level 3.0 Poison Magic
 - Level 9.0 Invocations
 - Level 3.0 Evocations


You had 17 spell levels left.
You knew the following spells:

 Your Spells              Type           Power      Damage    Failure   Level
a - Sandblast             Erth           100%       2d20      1%          1
b - Stone Arrow           Conj/Erth      100%       3d13      1%          3
c - Brom's Barrelling Bo  Conj/Erth      53%        2d7       1%          4
d - Mephitic Cloud        Conj/Pois/Air  31%        N/A       2%          3
e - Lee's Rapid Deconstr  Erth           27%        3d14*     1%          5
h - Blink                 Tloc           54%        N/A       1%          2
p - Passwall              Tmut/Erth      28%        N/A       1%          2

Your spell library contained the following spells:

 Spells                   Type           Power      Damage    Failure   Level
 Kiss of Death            Conj/Necr      100%       2d13      1%          1
 Lesser Beckoning         Tloc           54%        N/A       1%          2
 Momentum Strike          Conj/Tloc      80%        3d10      1%          2
 Static Discharge         Conj/Air       72%        3-6/arc   1%          2
 Iskenderun's Battlesphe  Conj           52%        2d10      1%          5
 Hailstorm                Conj/Ice       31%        3d8       2%          3
 Sting                    Tmut/Pois      64%        1d6       4%          1
 Poisonous Vapours        Pois/Air       38%        N/A       4%          2
 Petrify                  Tmut/Erth      34%        N/A       5%          4
 Cigotuvi's Dreadful Rot  Necr/Pois/Air  32%        N/A       6%          2
 Animate Armour           Summ/Erth      64%        N/A       7%          4
 Leda's Liquefaction      Hex/Erth       16%        N/A       7%          4
 Flame Wave               Conj/Fire      31%        2d9       8%          4
 Sticky Flame             Conj/Fire      31%        2d5       8%          4
 Swiftness                Air            19%        N/A       9%          3
 Bombard                  Conj/Erth      26%        9d5       9%          6
 Wereblood                Tmut           12%        N/A       10%         2
 Volatile Blastmotes      Fire/Tloc      36%        2d13      11%         3
 Manifold Assault         Tloc           27%        N/A       12%         4
 Passage of Golubria      Tloc           27%        N/A       12%         4
 Ensorcelled Hibernation  Hex/Ice        18%        N/A       14%         2
 Sublimation of Blood     Necr           9%         N/A       14%         2
 Irradiate                Conj/Tmut      16%        3d17      17%         5
 Fireball                 Conj/Fire      15%        3d8       22%         5
 Call Canine Familiar     Summ           9%         N/A       28%         3
 Confusing Touch          Hex            9%         N/A       28%         3
 Inner Flame              Hex/Fire       9%         N/A       28%         3
 Ozocubu's Armour         Ice            9%         N/A       28%         3
 Sigil of Binding         Hex            9%         N/A       28%         3
 Airstrike                Air            9%         2d(2-18)  28%         4
 Olgreb's Toxic Radiance  Pois           19%        N/A       28%         4
 Freezing Cloud           Conj/Ice/Air   13%        6-21      32%         5
 Dimensional Bullseye     Hex/Tloc       9%         N/A       34%         4
 Summon Lightning Spire   Summ/Air       14%        N/A       45%         4
 Anguish                  Hex/Necr       4%         N/A       67%         4
 Cause Fear               Hex            4%         N/A       67%         4
 Summon Ice Beast         Ice/Summ       9%         N/A       67%         4
 Alistair's Intoxication  Tmut/Pois      10%        N/A       75%         5
 Dispersal                Tloc           13%        N/A       88%         6
 Yara's Violent Unravell  Hex/Tmut       5%         3d4       91%         5
 Death Channel            Necr           4%         N/A       100%        6
 Simulacrum               Ice/Necr       4%         N/A       100%        6
 Malign Gateway           Summ/Tloc      9%         N/A       100%        7
 Ozocubu's Refrigeration  Ice            4%         4d8       100%        7
 Summon Hydra             Summ           4%         N/A       100%        7
 Borgnjor's Revivificati  Necr           4%         N/A       100%        8
 Discord                  Hex            4%         N/A       100%        8
 Disjunction              Tloc           13%        N/A       100%        8
 Infestation              Necr           4%         N/A       100%        8
 Dragon's Call            Summ           4%         N/A       100%        9


Dungeon Overview and Level Annotations

Branches:
Dungeon (15/15)            Temple (0/1) D:5            Lair (5/5) D:9
  Swamp (0/4) Lair:2        Snake (0/4) Lair:3        Slime (0/5) Lair:5
    Orc (2/2) D:11            Elf (3/3) Orc:2        Vaults (0/5) D:13
 Depths (0/4) D:15         Bailey (visited)         Volcano (visited)

Altars:
Ashenzari
Cheibriados
Elyvilon
Fedhas
Gozag
Hepliaklqana
Kikubaaqudgha
Makhleb
Nemelex Xobeh
Okawaru
Ru
Sif Muna
Trog
Uskayaw
Wu Jian
Xom
Yredelemnul
Zin
The Shining One

Shops:
D:4 **   D:7 !!=(   Orc:2 =[*(   Elf:1 =

Annotations:
D:9 4 transporters
D:15 3 runed translucent doors, Dulih's ghost, journeyman MiBe
Elf:2 3 runed translucent doors


Message History

The arrow closely misses you.
There is a stone staircase leading up, spattered with blood here.
Casting: Stone Arrow (safe; 1% risk of failure)
Confirm with . or Enter, or press ? or * to list all spells.
You can't see any susceptible monsters within range! (Use Z to cast anyway.) Unknown command.
Casting: Stone Arrow (safe; 1% risk of failure)
Confirm with . or Enter, or press ? or * to list all spells.
Aiming: Mephitic Cloud (mildly dangerous; 2% risk of failure)
Press: ? - help, Shift-Dir - straight line The ball explodes into a vile cloud!
The stinking cloud engulfs the deep elf master archer but does no damage.
You hear a shout!
The deep elf master archer is engulfed in noxious fumes.
The deep elf master archer shoots an arrow.
The arrow hits you!!
The deep elf master archer is engulfed in noxious fumes.
The deep elf master archer shoots an arrow.
The arrow hits you!!
Casting: Mephitic Cloud (mildly dangerous; 2% risk of failure)
Confirm with . or Enter, or press ? or * to list all spells.
Aiming: Stone Arrow (safe; 1% risk of failure)
Press: ? - help, Shift-Dir - straight line, f - deep elf master archer
Aim: a deep elf master archer, wielding a +0 longbow and wearing a +0 leather armour (noxious fumes, 63% to hit)
The stone arrow hits the deep elf master archer!
The deep elf master archer is moderately wounded.
The deep elf master archer is engulfed in noxious fumes.
The deep elf master archer shoots an arrow.
The arrow hits you!!
The deep elf master archer is engulfed in noxious fumes.
The deep elf master archer shoots an arrow.
The arrow hits you!
The deep elf master archer is engulfed in noxious fumes.
The deep elf master archer shoots an arrow.
The arrow hits you!!
* * * LOW HITPOINT WARNING * * *
The deep elf master archer is engulfed in noxious fumes.
The deep elf master archer shoots an arrow.
The arrow hits you!!
You die...

#...##....# ##.
######....#....# ####.#
######...#.....# ##.....
#######.###....# #......
###########....# #.e....
#####.....##...###......
#####.....####.##.......
#####.....####...#......
#####..@.)####[..#.....[
####...)..☼§e).........#
####......☼##..###.##.##
#####.....##.#.# ##..###
#####.....#.##.# ##..###
#####......###.###.##.##
#####.....##......####.#
###....#.##..[....# ##.
###.....###.......# ##


You could see a deep elf master archer.

Vanquished Creatures
  A deep elf master archer (Elf:3)
  A deep elf blademaster (Elf:3)
  Frances (D:12)
  Kirke (D:13)
  Louise (Elf:3)
  2 deep elf elementalists (Elf:3)
  4 deep elf sorcerers
  An orc warlord (Orc:2)
  4 deep elf annihilators (Elf:3)
  A deep elf demonologist (Elf:3)
  5 deep elf death magi
  Snorg (Orc:1)
  The ghost of Omilar the Demonic Cataclysm, a journeyman DsNe of Qazlal (Orc:1)
  A fire dragon (D:15)
  An ettin (D:15)
  Josephine (D:13)
  4 deep elf high priests (Elf:3)
  2 hydras
  An ogre mage (D:15)
  10 two-headed ogres
  2 centaur warriors
  16 dancing weapons
  4 boulder beetles
  2 tengu warriors
  12 deep elf knights
  A skyshark (Lair:4)
  A deep troll (D:15)
  14 deep elf archers
  An arcanist (D:13)
  12 orc knights
  29 deep elf pyromancers
  2 necromancers
  33 deep elf zephyrmancers
  4 orc sorcerers
  16 ugly things
  4 oklob plants
  8 cyclopes
  A will-o-the-wisp (Lair:2)
  2 manticores (D:13)
  18 elephants
  6 black mambas
  A torpor snail (Lair:2)
  A molten gargoyle (Volcano)
  A smoke demon (Volcano)
  10 cane toads
  3 kobold demonologists
  An unseen horror (D:11)
  2 rime drakes
  An efreet (D:14)
  The ghost of grimpoem the Sneak, a novice KoBr (D:4)
  5 komodo dragons
  A tengu conjurer (D:15)
  11 trolls
  A queen bee (Lair:1)
  A red devil (Volcano)
  4 hornets (Lair:5)
  6 polar bears
  A raiju (shapeshifter) (Elf:3)
  A wind drake (shapeshifter) (D:14)
  8 dream sheep
  6 blink frogs
  An air elemental (Elf:1)
  A vampire (D:11)
  4 slime creatures
  11 spriggans (Lair:5)
  49 yaks
  A shadow (D:12)
  A culicivora (shapeshifter) (Elf:1)
  6 wraiths
  4 wyverns
  A hog (shapeshifter) (Elf:2)
  2 hogs (D:13)
  4 water elementals
  7 fire bats (Volcano)
  2 steam dragons
  3 basilisks
  2 nagas (Lair:3)
  11 vampire mosquitoes
  4 wargs
  8 water moccasins
  2 hell hounds (Volcano)
  3 acid dragons (D:11)
  36 orc warriors
  3 ice beasts
  4 black bears (Lair:5)
  6 centaurs
  12 ogres
  4 boggarts (Lair:5)
  38 wolves
  10 kobold brigands
  A phantom (D:7)
  Blork the orc (D:6)
  15 bullfrogs
  3 gnoll sergeants
  2 scorpions
  4 earth elementals
  7 wights (D:9)
  30 killer bees
  12 howler monkeys
  3 vampire bats (D:6)
  6 lava snakes (Volcano)
  3 quasits (D:8)
  2 jellies
  14 orc priests
  2 gnoll boudas
  4 hounds
  3 iguanas
  2 sleepcaps
  Terence (D:3)
  19 orc wizards
  30 gnolls
  11 adders
  2 shadow imps (D:6)
  2 white imps
  3 ufetubi (D:6)
  2 worms
  3 dart slugs
  65 orcs
  8 ball pythons
  3 bats
  2 bat skeletons (D:6)
  4 bat zombies (D:6)
  5 endoplasms
  5 goblins
  9 hobgoblins
  5 quokkas
  3 frilled lizards
  29 kobolds
  3 rats
866 creatures vanquished.

Vanquished Creatures (collateral kills)
  A deep elf pyromancer (Elf:2)
  23 boulders
24 creatures vanquished.

Vanquished Creatures (others)
  2 deep elf archers (Elf:2)
  A gargoyle (D:12)
  A human (D:13)
  2 kobolds
  A quokka (D:5)
  36 boulders
43 creatures vanquished.

Grand Total: 933 creatures vanquished

Notes
Turn   | Place    | Note
-------+----------+-------------------------------------------
     0 | D:1      | Lobster4 the Human Wanderer began the quest for the Orb.
     0 | D:1      | Lobster4 set off with the following items: a +0 spear, a +0
                  | helmet, a potion of curing, a +0 robe; and the following
                  | spell memorised: Sandblast; and the following spells
                  | available to memorise: Passwall, Stone Arrow.
     0 | D:1      | Reached XP level 1. HP: 15/15 MP: 2/2
   256 | D:1      | Reached XP level 2. HP: 21/21 MP: 3/3
   347 | D:1      | Reached XP level 3. HP: 23/26 MP: 0/4
  1206 | D:2      | Reached skill level 1 in Armour
  1325 | D:2      | Reached XP level 4. HP: 25/32 MP: 0/6
  2319 | D:3      | Reached skill level 2 in Fighting
  2394 | D:3      | Found a faded altar of an unknown god.
  2530 | D:3      | Reached XP level 5. HP: 38/38 MP: 5/7
  2757 | D:3      | Noticed Terence
  2813 | D:3      | Killed Terence
  3033 | D:4      | Found an ornate altar of the Wu Jian Council.
  3286 | D:4      | Found a shimmering blue altar of Sif Muna.
  3286 | D:4      | Found a faded altar of an unknown god.
  3294 | D:4      | Found a hazy altar of Hepliaklqana.
  3296 | D:4      | Found a faded altar of an unknown god.
  3298 | D:4      | Found a sacrificial altar of Ru.
  3313 | D:4      | Became a worshipper of Sif Muna the Loreminder
  3318 | D:4      | Learned a level 3 spell: Stone Arrow
  3321 | D:4      | Learned a level 2 spell: Passwall
  3642 | D:4      | Found a transporter.
  3648 | D:4      | Found a transporter.
  3775 | D:4      | Found Tyuxikuk's General Store.
  3775 | D:4      | Found Jeruf's Assorted Antiques.
  4011 | D:4      | Reached XP level 6. HP: 44/44 MP: 6/9
  4042 | D:4      | Identified the ring of Fuyxoguf {Wiz rC++ rCorr Int+2
                  | Dex-4}
  4202 | D:5      | Entered Level 5 of the Dungeon
  4336 | D:5      | Identified a scroll of acquirement
  4336 | D:5      | Identified the "Ohuomos" (You acquired it on level 5 of
                  | the Dungeon)
  4336 | D:5      | Acquired 1130 gold pieces
  4386 | D:4      | Bought a +3 leather armour of poison resistance for 231
                  | gold pieces
  4405 | D:4      | Bought a blackened platinum amulet for 150 gold pieces
  4410 | D:4      | Bought a pair of boots for 135 gold pieces
  4415 | D:4      | Bought a scroll of identify for 60 gold pieces
  4419 | D:4      | Bought a scroll of identify for 22 gold pieces
  4419 | D:4      | Bought a +1 pair of gloves of stealth for 181 gold pieces
  4433 | D:4      | Bought a scroll of fear for 44 gold pieces
  4436 | D:4      | Bought a scroll of fear for 120 gold pieces
  4436 | D:4      | Bought a fluorescent wand for 120 gold pieces
  4439 | D:4      | Bought a scroll of silence for 104 gold pieces
  4671 | D:5      | Identified the +3 spear of the Iron City of Dis {freeze,
                  | rElec SInv}
  4693 | D:5      | Reached skill level 1 in Invocations
  4794 | D:5      | Found a glowing golden altar of the Shining One.
  4840 | D:5      | Reached skill level 1 in Conjurations
  5182 | D:5      | Found a white marble altar of Elyvilon.
  5225 | D:5      | Reached XP level 7. HP: 51/51 MP: 7/10
  5606 | D:5      | Found a staircase to the Ecumenical Temple.
  5634 | D:5      | Found an iron altar of Okawaru.
  5833 | D:6      | Reached skill level 3 in Fighting
  5842 | D:6      | Found an opulent altar of Gozag.
  6230 | D:6      | Reached XP level 8. HP: 58/58 MP: 7/12
  6302 | D:6      | Found a shimmering altar of Xom.
  6318 | D:6      | Reached * piety under Sif Muna
  6918 | D:6      | Noticed Blork the orc
  6924 | D:6      | Killed Blork the orc
  7139 | D:6      | Found an ancient bone altar of Kikubaaqudgha.
  7141 | D:6      | Reached skill level 4 in Fighting
  7141 | D:6      | Reached skill level 1 in Transmutations
  7355 | D:6      | Reached skill level 5 in Earth Magic
  7355 | D:6      | Reached XP level 9. HP: 65/65 MP: 10/14
  7473 | D:4      | Noticed grimpoem's ghost (novice KoBr)
  7820 | D:7      | Found Avorr's Antique Weapon Shoppe.
  7831 | D:7      | Found Xiphasie's Jewellery Boutique.
  7848 | D:7      | Reached ** piety under Sif Muna
  8271 | D:7      | Found a snail-covered altar of Cheibriados.
  8296 | D:7      | Reached skill level 1 in Long Blades
  8386 | D:7      | Found a basalt altar of Yredelemnul.
  8548 | D:7      | Identified the +5 falchion "Seggagi" {freeze, *Noise rCorr
                  | MP-9 SInv}
  8584 | D:7      | Found Ahidas's Distillery.
  8751 | D:7      | Reached skill level 5 in Fighting
  8957 | D:7      | Found Nolejaug's Distillery.
  9271 | D:8      | Reached XP level 10. HP: 74/74 MP: 16/16
  9320 | D:8      | Reached skill level 5 in Polearms
  9332 | D:8      | Reached skill level 5 in Spellcasting
  9344 | D:8      | Reached *** piety under Sif Muna
  9362 | D:8      | Found a flagged portal.
  9412 | Bailey   | Entered a bailey
  9624 | Bailey   | Reached skill level 5 in Invocations
  9651 | Bailey   | Reached skill level 5 in Conjurations
  9770 | Bailey   | Noticed an orc knight
  9782 | Bailey   | Killed an orc knight
  9846 | Bailey   | Found a large runed translucent door.
  9846 | Bailey   | Found a large runed translucent door.
  9847 | Bailey   | Noticed a deep elf zephyrmancer
  9879 | Bailey   | Reached skill level 6 in Fighting
 10011 | Bailey   | Killed a deep elf zephyrmancer
 10036 | Bailey   | Identified the +5 scale mail of the Hall of Blades {rC+}
 10148 | D:8      | Noticed a two-headed ogre
 10157 | D:8      | Killed a two-headed ogre
 10158 | D:8      | Reached XP level 11. HP: 61/81 MP: 7/19
 10465 | D:8      | Found a bloodstained altar of Trog.
 10605 | D:8      | Found a glowing silver altar of Zin.
 11384 | D:9      | Found a staircase to the Lair.
 11636 | D:9      | Noticed a two-headed ogre
 11641 | D:9      | Killed a two-headed ogre
 11854 | D:9      | Reached **** piety under Sif Muna
 11882 | D:9      | Found a transporter.
 11884 | D:9      | Found a transporter.
 12639 | D:9      | Reached skill level 7 in Fighting
 12961 | D:9      | Found a transporter.
 13185 | D:9      | Found a transporter.
 13274 | D:10     | Entered Level 10 of the Dungeon
 13355 | D:10     | Found a burning altar of Makhleb.
 13550 | D:10     | Reached skill level 5 in Long Blades
 13673 | D:10     | Reached skill level 5 in Armour
 14007 | D:10     | Identified the +9 lajatang of Gozy {elec, rCorr}
 14022 | D:10     | Reached skill level 5 in Dodging
 14351 | D:11     | Noticed a two-headed ogre
 14361 | D:11     | Killed a two-headed ogre
 14483 | D:11     | Reached XP level 12. HP: 84/91 MP: 21/21
 14796 | D:11     | Found a staircase to the Orcish Mines.
 15000 | D:11     | Noticed a boulder beetle
 15008 | D:11     | Killed a boulder beetle
 15098 | D:11     | Reached ***** piety under Sif Muna
 15638 | D:11     | Identified the "Memy" (Sif Muna gifted it to you on level
                  | 11 of the Dungeon)
 15638 | D:11     | Received a gift from Sif Muna
 15643 | D:11     | Reached skill level 8 in Fighting
 15779 | D:11     | Learned a level 3 spell: Mephitic Cloud
 16312 | D:4      | Killed grimpoem's ghost
 16614 | Lair:1   | Entered Level 1 of the Lair of Beasts
 17135 | D:9      | Reached skill level 1 in Poison Magic
 17136 | D:9      | Reached skill level 1 in Air Magic
 18089 | Lair:1   | Reached XP level 13. HP: 97/99 MP: 11/24
 19210 | Lair:2   | Noticed a four-headed hydra
 20373 | Lair:2   | Found a staircase to the Swamp.
 20810 | Lair:2   | Identified the "Sifeur" (Sif Muna gifted it to you on
                  | level 2 of the Lair of Beasts)
 20810 | Lair:2   | Received a gift from Sif Muna
 21307 | Lair:2   | Killed a four-headed hydra
 21728 | Lair:2   | Reached skill level 9 in Fighting
 22240 | Lair:3   | Reached XP level 14. HP: 104/108 MP: 20/26
 22436 | Lair:3   | Found a staircase to the Snake Pit.
 23836 | Lair:4   | Found a hide-covered altar of Uskayaw.
 24007 | Lair:4   | Identified the blade talisman of Resonance {rC- rCorr
                  | Int+3}
 24015 | Lair:4   | Identified the blade talisman of Asceticism {rN+ Str+3
                  | Dex+4}
 24473 | Lair:4   | Found a blossoming altar of Fedhas.
 25744 | Lair:5   | Entered Level 5 of the Lair of Beasts
 25798 | Lair:5   | Found a dark tunnel.
 25817 | Volcano  | Entered a volcano
 26308 | Volcano  | Found a radiant altar of Vehumet.
 27518 | Lair:5   | Reached skill level 10 in Earth Magic
 28194 | Lair:5   | Found a staircase to the Slime Pits.
 28644 | Lair:5   | Reached XP level 15. HP: 115/115 MP: 6/27
 28654 | Lair:5   | Reached skill level 10 in Fighting
 28867 | Lair:5   | Paralysed by a spriggan for 5 turns
 29134 | Lair:5   | Found a sparkling altar of Nemelex Xobeh.
 30037 | Lair:5   | Reached skill level 1 in Throwing
 30186 | Lair:5   | Identified the +0 robe of Haunted Happiness {Dex+7}
 30188 | Lair:5   | Identified the +10 flail of Purpose {heavy, rPois MP+9
                  | Dex+3}
 30453 | Orc:1    | Entered Level 1 of the Orcish Mines
 31695 | Orc:1    | Found a runed translucent door.
 31695 | Orc:1    | Found a shimmering altar of Xom.
 31695 | Orc:1    | Noticed Omilar's ghost (journeyman DsNe)
 31783 | Orc:2    | Entered Level 2 of the Orcish Mines
 31783 | Orc:2    | Found Haocw's Antique Armour Shoppe.
 31790 | Orc:2    | Noticed Snorg
 32010 | Orc:1    | Killed Snorg
 32442 | Orc:2    | Identified the "Ceote" (Sif Muna gifted it to you on level
                  | 2 of the Orcish Mines)
 32442 | Orc:2    | Received a gift from Sif Muna
 32451 | Orc:1    | Learned a level 4 spell: Brom's Barrelling Boulder
 32457 | Orc:1    | Learned a level 5 spell: Lee's Rapid Deconstruction
 32681 | Orc:2    | Found a staircase to the Elven Halls.
 33878 | Orc:2    | Noticed an orc warlord
 33899 | Orc:2    | Killed an orc warlord
 34200 | Orc:2    | Found Qoggo's Antique Weapon Emporium.
 34247 | Orc:2    | Found Avob's Jewellery Boutique.
 34424 | Orc:2    | Found Puneist's General Store.
 34760 | Orc:1    | Reached skill level 10 in Conjurations
 35208 | D:7      | Bought the ring "Gyxzees" {rElec rF+ Will+ MP+9 Int+3} for
                  | 529 gold pieces
 36644 | D:13     | Noticed Kirke
 36786 | D:13     | Identified the +12 dagger of Tumult {protect, rPois}
 36809 | D:13     | Noticed Frances
 36857 | D:12     | Killed Frances
 37344 | D:13     | Killed Kirke
 37513 | D:13     | Learned a level 2 spell: Blink
 37829 | D:13     | Found a gate to the Vaults.
 37839 | D:13     | Reached XP level 16. HP: 124/124 MP: 29/29
 37860 | D:13     | Reached skill level 11 in Fighting
 38324 | D:13     | Noticed Josephine
 38335 | D:13     | Killed Josephine
 38341 | D:13     | Reached skill level 1 in Translocations
 39312 | D:14     | Found a broken altar of Ashenzari.
 39409 | D:13     | Reached skill level 10 in Spellcasting
 39953 | D:14     | Reached skill level 10 in Long Blades
 40256 | D:15     | Entered Level 15 of the Dungeon
 40937 | D:15     | Found a staircase to the Depths.
 41317 | D:15     | Received a gift from Sif Muna
 41921 | D:15     | Found a runed translucent gate.
 41921 | D:15     | Found a runed translucent gate.
 41921 | D:15     | Found an ancient bone altar of Kikubaaqudgha.
 41921 | D:15     | Found a runed translucent gate.
 41921 | D:15     | Noticed a lich
 41922 | D:15     | Noticed Dulih's ghost (journeyman MiBe)
 41922 | D:15     | Noticed a lich
 41922 | D:15     | Noticed a lich
 41922 | D:15     | Noticed a lich
 42209 | Orc:1    | Killed Omilar's ghost
 42375 | Crypt:3  | Identified the of Harchoeli
 42375 | Crypt:3  | Identified the of Kiwo Pie
 42375 | Crypt:3  | Identified the "Ryneesm"
 42375 | Crypt:3  | Identified the of Zemiym
 42375 | Depths:1 | Identified the of Veorel
 42375 | Elf:1    | Identified the "Eptovafru"
 42375 | Elf:1    | Entered Level 1 of the Elven Halls
 43448 | Elf:1    | Noticed a deep elf sorcerer
 43455 | Elf:1    | Killed a deep elf sorcerer
 43463 | Elf:1    | Reached XP level 17. HP: 106/133 MP: 6/31
 44298 | Elf:1    | Found Zoshuem's Jewellery Shop.
 44838 | D:7      | Bought the +11 Singing Sword {sonic wave} for 2200 gold
                  | pieces
 44838 | D:7      | Found the +11 Singing Sword {sonic wave}
 45576 | Elf:1    | Reached skill level 12 in Fighting
 45927 | Elf:1    | Identified the "Wasmimee" (Sif Muna gifted it to you on
                  | level 1 of the Elven Halls)
 45927 | Elf:1    | Received a gift from Sif Muna
 46044 | Elf:1    | Paralysed by an air elemental for 1 turns
 46239 | Elf:2    | Reached skill level 5 in Translocations
 47542 | Elf:2    | Identified the +4 leather armour of the Sun {Rampage Dex+3}
 48176 | Elf:2    | Found a runed translucent gate.
 48177 | Elf:2    | Found a runed translucent gate.
 48177 | Elf:2    | Found a runed translucent gate.
 48794 | Elf:3    | Identified the "Cioprah"
 48794 | Elf:3    | Identified the "Reohil"
 48794 | Elf:3    | Identified the of Qued Togia
 48794 | Elf:3    | Entered Level 3 of the Elven Halls
 48918 | Elf:3    | Noticed Louise
 48935 | Elf:3    | Killed Louise
 49132 | Elf:3    | Found a shimmering blue altar of Sif Muna.
 49590 | Orc:2    | Bought a scroll of blinking for 105 gold pieces
 49790 | Elf:3    | Noticed a deep elf master archer
 49802 | Elf:3    | Killed a deep elf master archer
 49803 | Elf:3    | Reached XP level 18. HP: 91/142 MP: 5/32
 50315 | Elf:3    | Identified the +9 trident "Uzagar" {freeze, rElec Dex-3
                  | SInv}
 51173 | D:7      | Bought a potion of curing for 39 gold pieces
 51173 | D:7      | Bought a potion of curing for 39 gold pieces
 51844 | Elf:3    | Noticed a deep elf blademaster
 51862 | Elf:3    | Killed a deep elf blademaster
 51865 | Elf:3    | Received a gift from Sif Muna
 52076 | Elf:3    | Noticed a deep elf master archer
 52638 | Elf:3    | Reached skill level 13 in Fighting
 53241 | Elf:3    | Shot with an arrow by a deep elf master archer

Illustrated notes

Levels and vault maps discovered:
D:1:      dpeg_arrival_round_a, layout_loops_ring,
          chequers_serial_rivers_large_b
D:2:      layout_basic, serial_glass, glass_columns_c, glass_columns_a
D:3:      layout_basic, nicolae_ecumenical_snake_handling, uniq_terence
D:4:      layout_basic, mainiacjoe_overflow_concentric_impassable,
          chequers_temple_overflow_minitemple, gammafunk_ghost_gnarly_gnolls,
          serial_shops, shop, shop_statue, minmay_crystal_room, nrook_campfire
D:5:      layout_rooms, tso_metal_star, elyvilon_altar_4,
          okawaru_ov_weapons_minmay, temple_hall, minmay_misc_feat_x
D:6:      layout_basic, kennysheep_vampire_church, old_standard_altar,
          mainiacjoe_overflow_alcove_1, minmay_increasing_density,
          uniq_blork_the_orc
D:7:      layout_rooms, lemuel_coloured_pillars_altar, slow_altar_1,
          serial_shops, nicolae_shop_tiny_statue_garden, kennysheep_little_box,
          nicolae_shop_competitors_out_of_business, kennysheep_mini,
          grunt_ogre_cave, minmay_misc_feat_rugged, kennysheep_generic_room_5
D:8:      cheibrodos_quashed, layout_basic, trog_three_pillars_becter,
          zin_treasury, enter_bailey_6, minmay_quadrilaterals
D:9:      layout_stronghold, lair_entry_dummy, nicolae_diode_quadrants
D:10:     layout_basic, mainiacjoe_overflow_six_doors_small,
          kennysheep_generic_room_14
D:11:     minmay_inner_zag, layout_long_grid, david_orc_3
D:12:     layout_gridville
D:13:     layout_long_grid, david_vaults_1, kennysheep_nondescript,
          uniq_josephine, uniq_kirke, uniq_frances
D:14:     layout_gridville, ashenzari_conservatory_becter
D:15:     hangedman_depths_entry_civil_slaughter, layout_irregular_city,
          gammafunk_ghost_crypt, nicolae_houndstooth_variations
Lair:1:   layout_misc_corridors, special_room [special_room_bee],
          grunt_megastairs_3
Lair:2:   layout_loops_ring, minmay_swamp_entry_wisps, lemuel_fruit_tree
Lair:3:   layout_roguey, guppyfry_snake_entry_garden
Lair:4:   layout_concentric_octagons, basic_altar, tgw_fedhas
Lair:5:   minmay_lair_end_enchanted_forest, layout_cave_shapes,
          dpeg_slime_entry_enclosed, enter_volcano_2, lemuel_oklob_altar,
          grunt_megastairs_2
Orc:1:    layout_caves, special_room [special_room_orc], ebering_ghost_xom
Orc:2:    grunt_orc_gardens, layout_caves, grunt_orc_garden, grunt_orc_garden,
          grunt_orc_garden, grunt_orc_garden, basic_altar, uniq_snorg
Elf:1:    minmay_elf_arrival_summoners, layout_geoelf_octagon, serial_shops,
          shop, minmay_elf_annihilation
Elf:2:    nicolae_elf_blades_crystal_corner, layout_loops_corners,
          dk_noncrumbling_2, minmay_misc_feat_pillars
Elf:3:    minmay_elf_hall_quartered_circle, layout_rooms, basic_altar,
          uniq_louise

Skill      XL: |  1  2  3  4  5  6  7  8  9 10 11 12 13 14 15 16 17 18 |
---------------+-------------------------------------------------------+-----
Armour         | 1 2 3 5 6 7 8 9 |  9.9
Fighting       | 2 3 4 5 6 7 8 9 10 11 12 13 | 13.0
Evocations     | 2 3 |  3.0
Spellcasting   | 2 3 4 5 6 7 8 9 10 | 10.0
Dodging        | 3 5 6 7 8 |  8.0
Invocations    | 1 2 3 4 5 6 7 8 9 |  9.0
Conjurations   | 1 2 3 4 5 6 7 8 9 10 11 12 | 12.4
Earth Magic    | 4 5 6 7 8 9 10 11 12 | 12.9
Polearms       | 3 4 5 7 8 |  8.0
Transmutations | 1 |  1.0
Long Blades    | 2 3 5 6 7 8 9 10 11 12 | 12.0
Poison Magic   | 1 3 |  3.0
Air Magic      | 1 3 |  3.0
Throwing       | 2 |  2.0
Translocations | 4 5 |  5.0

Action                     |  1- 3 |  4- 6 |  7- 9 | 10-12 | 13-15 | 16-18 || total
---------------------------+-------+-------+-------+-------+-------+-------++-------
  Melee: Spear             |    37 |    12 |    70 |   138 |   172 |       ||   429
         Punch             |       |       |     1 |     2 |     3 |     2 ||     8
         Lajatang          |       |       |       |       |    32 |       ||    32
         Dagger            |       |       |       |       |       |    66 ||    66
         Double sword      |       |       |       |       |       |   143 ||   143
  Throw: Dart              |       |    23 |    54 |    72 |   257 |   105 ||   511
         Throwing net      |       |       |     2 |     3 |     2 |       ||     7
         Boomerang         |       |       |       |     4 |     3 |       ||     7
   Cast: Sandblast         |    33 |   108 |   206 |   144 |   112 |     3 ||   606
         Stone Arrow       |       |       |       |   258 |   824 |   559 ||  1641
         Mephitic Cloud    |       |       |       |     1 |    14 |    35 ||    50
         Brom's Barrelling |       |       |       |       |       |    76 ||    76
         Lee's Rapid Decon |       |       |       |       |       |    14 ||    14
  Evoke: Wand              |       |     5 |    16 |    15 |    53 |     2 ||    91
    Use: Scroll            |     5 |    11 |     3 |     7 |    13 |    11 ||    50
         Potion            |       |     1 |       |     1 |     3 |     7 ||    12
   Stab: Sleeping          |     2 |       |     2 |     1 |       |       ||     5
         Distracted        |       |       |     1 |       |       |       ||     1
         Paralysed         |       |       |       |       |    11 |       ||    11
 Armour: Robe              |    25 |    25 |       |       |       |       ||    50
         Leather armour    |       |    30 |   159 |   324 |   488 |   245 ||  1246
         Ring mail         |       |       |       |       |    28 |    14 ||    42
         Scale mail        |       |       |       |       |       |   225 ||   225
  Dodge: Dodged            |    32 |    47 |   136 |   275 |   477 |   241 ||  1208
  Block: Other             |       |     7 |    51 |   115 |   183 |    83 ||   439
         Reflection        |       |       |     1 |     4 |     7 |    16 ||    28

Table legend: (Time is in decaauts)
 A = Elapsed time spent in this place.
 B = Non-inter-level travel time spent in this place.
 C = Inter-level travel time spent in this place.
 D = Time resting spent in this place.
 E = Time spent auto-exploring this place.
 F = Levels seen in this place.
 G = Mean time per level.
                   A        B        C        D        E       F      G
               +--------+--------+--------+--------+--------+-----+--------+
         Total |  53564 |  49999 |   3565 |  20286 |  20052 |  27 | 1983.9 |
       Dungeon |  25416 |  23264 |   2152 |   7868 |  11230 |  15 | 1694.4 |
          Lair |  11848 |  11362 |    486 |   4089 |   5246 |   5 | 2369.6 |
  Orcish Mines |   5235 |   4857 |    378 |   2740 |   1282 |   2 | 2617.5 |
   Elven Halls |   9464 |   8916 |    548 |   4780 |   2018 |   3 | 3154.7 |
        Bailey |    673 |    673 |      0 |    316 |    136 |   1 |  673.0 |
       Volcano |    924 |    924 |      0 |    491 |    139 |   1 |  924.0 |
               +--------+--------+--------+--------+--------+-----+--------+

Top non-repeatable levels by time:
   Elf:2: 4179 daAuts
  Lair:5: 3569 daAuts
   Elf:1: 3371 daAuts
     D:9: 2823 daAuts
   Orc:1: 2799 daAuts
    D:11: 2540 daAuts
   Orc:2: 2436 daAuts
  Lair:2: 2386 daAuts
    D:13: 2338 daAuts
     D:8: 2133 daAuts
     D:4: 2132 daAuts
  Lair:3: 2021 daAuts
  Lair:4: 1961 daAuts
   Elf:3: 1912 daAuts
  Lair:1: 1910 daAuts
